Map: Rhoskallian LE

Players

Brifie

  • Race: Zerg Zerg
  • League: Diamond
  • Spawn Location: 5:00

fefe

  • Race: Zerg Zerg
  • League: Diamond
  • Spawn Location: 6:00

Massa - Winner!

  • Race: Terran Terran
  • League: Platinum
  • Spawn Location: 12:00

qqq - Winner!

  • Race: Zerg Zerg
  • League: Platinum
  • Spawn Location: 11:00

VOD

Have the link to the VOD?

Description

Time

  • Played on: Jan. 14, 2021, 6:34 a.m.
  • Length: 20:10
Show
View Real Time Build Order
Export as new Build Order

Brifie Zerg 

Build Orders: Hatch First, Muta Ling Bane 

Get SALT Encoding   

  12  0:00  Drone  
  13  0:13  Overlord  
  13  0:18  Drone  
  14  0:31  Drone x2  
  16  0:35  Drone  
  17  0:57  Extractor, Hatchery, Drone  
  16  1:01  Drone  
  17  1:16  Spawning Pool  
  16  1:21  Drone  
  16  1:23  Drone  
  18  1:46  Drone  
  19  1:48  Overlord  
  19  2:04  Queen  
  19  2:05  Metabolic Boost  
  19  2:07  Zergling x2  
  22  2:08  Queen  
  22  2:11  Zergling x2  
  22  2:15  Drone  
  26  2:17  Drone  
  26  2:21  Drone  
  28  2:25  Drone  
  29  2:36  Drone  
  31  2:37  Drone  
  31  2:41  Drone  
  31  2:43  Drone  
  33  2:56  Hatchery  
  32  2:59  Drone  
  33  3:06  Queen  
  35  3:14  Queen  
  35  3:15  Extractor  
  35  3:19  Overlord  
  37  3:34  Overlord  
  37  3:55  Drone  
  37  3:56  Drone x6  
  37  3:57  Drone x4  
  37  4:02  Baneling Nest  
  47  4:07  Lair  
  47  4:10  Zergling x2  
  47  4:11  Zergling x2  
  47  4:14  Zergling x2, Evolution Chamber  
  47  4:15  Evolution Chamber  
  48  4:19  Zergling x6  
  51  4:28  Extractor  
  51  4:29  Extractor  
  51  4:31  Zergling x8  
  52  4:34  Overlord  
  53  4:41  Zerg Melee Weapons Level 1  
  53  4:42  Extractor  
  53  4:43  Zerg Ground Armor Level 1  
  52  4:50  Zergling x6  
  52  4:52  Drone x2  
  57  4:54  Zergling x2  
  57  4:55  Baneling  
  57  4:56  Baneling  
  57  4:57  Baneling  
  58  5:01  Drone x2  
  58  5:07  Drone x3  
  63  5:19  Drone x2  
  63  5:20  Drone  
  65  5:21  Overlord  
  53  5:44  Zergling x2  
  53  5:45  Zergling x14  
  53  5:46  Zergling x8  
  62  5:58  Overlord  
  62  5:59  Drone x3, Spire  
  62  6:01  Drone  
  65  6:11  Spore Crawler  
  65  6:12  Spore Crawler  
  65  6:16  Spore Crawler  
  62  6:22  Centrifical Hooks  
  62  6:24  Overlord  
  62  6:27  Overlord  
  50  7:10  Mutalisk x10  
  70  7:19  Mutalisk  
  70  7:20  Queen  
  70  7:22  Queen x2  
  74  7:23  Drone x2  
  64  7:56  Mutalisk  
  58  7:59  Mutalisk  
  58  8:11  Overlord x2  
  58  8:13  Extractor  
  58  8:15  Extractor  
  56  8:24  Drone  
  56  8:25  Drone  
  56  8:26  Overlord x2  
  58  8:36  Zerg Flyer Armor Level 1  
  58  8:40  Spore Crawler  
  58  8:41  Mutalisk x5  
  57  8:43  Overlord  
  57  8:44  Drone x5, Spore Crawler  
  57  8:45  Drone  
  72  8:49  Mutalisk  
  74  8:56  Drone x3  
  74  8:57  Drone  
  74  8:59  Drone  
  74  9:01  Extractor  
  78  9:03  Hatchery  
  78  9:05  Extractor  
  76  9:17  Mutalisk  
  76  9:18  Mutalisk x2  
  76  9:24  Drone x5  
  84  9:25  Drone x3  
  90  9:35  Overlord  
  90  9:47  Overlord x3  
  90  9:50  Zerg Melee Weapons Level 2  
  90  9:52  Queen  
  90  9:53  Zerg Ground Armor Level 2  
  90  9:56  Overlord  
  92  10:01  Overlord  
  92  10:29  Drone x2  
  94  10:44  Drone  
  94  10:45  Drone x3  
  94  10:46  Drone x2  
  94  10:47  Drone x7  
  94  10:48  Drone  
  108  10:51  Mutalisk x2  
  108  10:52  Mutalisk x5  
  108  10:53  Mutalisk  
  108  10:54  Mutalisk  
  108  10:55  Zergling x2  
  108  10:56  Zergling x2  
  128  11:16  Mutalisk x4, Zerg Flyer Weapons Level 1  
  128  11:17  Mutalisk  
  138  11:46  Mutalisk  
  138  11:47  Mutalisk x6  
  104  11:49  Zergling x8  
  104  11:50  Zergling x14  
  129  11:59  Drone x2  
  131  12:02  Spine Crawler x2  
  131  12:04  Spine Crawler  
  110  12:13  Zergling x12  
  110  12:14  Zergling x10  
  121  12:19  Zergling x2  
  121  12:20  Zergling x4  
  123  12:31  Mutalisk x5  
  123  12:32  Mutalisk  
  130  12:37  Zergling x12  
  130  12:38  Zergling x6  
  135  12:45  Mutalisk x2  
  135  12:47  Baneling x4  
  135  12:48  Baneling x7  
  139  12:53  Zergling x8  
  139  12:54  Zergling x6  
  139  12:56  Overlord x2  
  144  13:01  Infestation Pit  
  143  13:06  Zergling x2  
  143  13:07  Overlord x2  
  136  13:24  Mutalisk x2  
  136  13:25  Mutalisk x5  
  142  13:39  Hive  
  142  13:41  Baneling x3  
  142  13:42  Baneling x3  
  142  13:44  Drone x6  
  142  13:45  Drone  
  149  13:51  Mutalisk  
  149  13:52  Mutalisk  
  153  13:56  Pathogen Glands  
  153  14:00  Baneling x14  
  153  14:19  Overseer x3  
  153  14:22  Extractor  
  153  14:23  Hatchery  
  151  14:29  Zerg Flyer Weapons Level 2, Corruptor x2  
  151  14:30  Corruptor  
  157  14:42  Overlord  
  157  14:43  Overseer x2  
  157  14:44  Overlord  
  157  14:58  Spore Crawler  
  156  15:01  Adrenal Glands  
  156  15:03  Zerg Melee Weapons Level 3  
  156  15:05  Zergling x2  
  156  15:06  Spine Crawler, Zergling x22  
  167  15:07  Spine Crawler  
  167  15:12  Corruptor  
  167  15:13  Corruptor x3  
  168  15:26  Corruptor x3  
  142  15:52  Mutalisk x5  
  142  15:54  Overlord  
  140  16:05  Corruptor x2  
  140  16:07  Corruptor  
  140  16:09  Zergling x10  
  140  16:10  Zergling x26  
  150  16:23  Zerg Ground Armor Level 3  
  150  16:26  Zergling x2  
  150  16:27  Zergling x10  
  156  16:39  Ultralisk Cavern  
  155  16:49  Baneling x6  
  155  16:57  Greater Spire  
  154  17:04  Corruptor  
  154  17:05  Corruptor x2  
  155  17:15  Extractor  
  137  17:18  Overlord, Corruptor x3  
  125  17:26  Corruptor x2  
  123  17:31  Corruptor  
  120  17:50  Corruptor  
  120  17:51  Corruptor x3  
  116  17:56  Corruptor  
  116  17:57  Zergling x2  
  116  17:58  Zergling x32  
  119  17:59  Zergling x4  
  123  18:14  Ultralisk x2  
  123  18:18  Corruptor  
  133  18:23  Corruptor  
  133  18:24  Corruptor  
  133  18:34  Corruptor x2  
  133  18:35  Corruptor x4  
  142  18:43  Corruptor x2  
  142  18:48  Zergling x8  
  139  18:59  Corruptor  
  139  19:00  Corruptor  
  123  19:12  Corruptor x3  
  123  19:15  Corruptor  
  123  19:16  Drone  
  103  19:26  Corruptor x2  
  103  19:29  Zergling x4  
  107  19:31  Zergling x2  
  107  19:36  Corruptor  
Show
View Real Time Build Order
Export as new Build Order

fefe Zerg 

Build Orders: Pool First, Lurkers 

Get SALT Encoding   

  12  0:00  Drone  
  13  0:13  Overlord  
  13  0:18  Drone  
  14  0:31  Drone x2  
  16  0:39  Drone  
  17  0:47  Spawning Pool  
  17  0:49  Extractor  
  15  0:52  Drone  
  16  1:00  Drone  
  17  1:13  Drone  
  18  1:23  Hatchery  
  17  1:32  Drone x2  
  19  1:42  Zergling x2  
  20  1:48  Metabolic Boost  
  20  1:50  Overlord  
  20  2:00  Queen  
  22  2:07  Overlord  
  22  2:19  Drone  
  23  2:28  Drone  
  24  2:35  Queen  
  24  2:36  Queen  
  28  2:49  Drone x4  
  32  3:04  Drone x2  
  34  3:22  Drone  
  34  3:23  Drone x5  
  40  3:35  Roach Warren  
  40  3:36  Lair  
  39  3:41  Queen  
  41  4:07  Drone x2  
  41  4:08  Drone, Overlord x4  
  44  4:18  Evolution Chamber  
  44  4:19  Evolution Chamber  
  44  4:21  Drone x2  
  44  4:33  Drone x10  
  54  4:52  Roach x3  
  60  4:57  Extractor  
  60  4:58  Extractor  
  60  4:59  Spine Crawler  
  57  5:03  Spine Crawler  
  57  5:05  Spore Crawler  
  57  5:06  Spore Crawler  
  53  5:11  Roach  
  53  5:12  Roach x3  
  61  5:14  Zerg Missile Weapons Level 1  
  61  5:15  Zerg Ground Armor Level 1  
  61  5:16  Overlord  
  61  5:31  Roach x3  
  67  5:40  Roach x4  
  71  5:52  Burrow  
  71  5:55  Roach  
  73  6:11  Hydralisk Den  
  72  6:15  Spore Crawler  
  72  6:17  Spore Crawler  
  70  6:20  Overlord x3  
  70  6:21  Overlord x3  
  70  6:24  Pneumatized Carapace  
  70  6:25  Overseer  
  70  6:30  Overseer  
  70  6:33  Overlord x2  
  70  6:39  Roach  
  76  6:40  Roach x2  
  76  6:50  Drone x4, Extractor  
  79  6:57  Hydralisk  
  79  6:58  Hydralisk x2  
  85  7:08  Hydralisk x3  
  85  7:13  Roach x16  
  85  7:17  Drone x5, Hydralisk Den  
  77  7:46  Hydralisk  
  77  7:47  Hydralisk x6  
  91  7:55  Hydralisk  
  91  7:56  Hydralisk  
  95  8:05  Hydralisk x7  
  95  8:10  Roach x15  
  95  8:19  Overseer x2  
  95  8:21  Hydralisk x3  
  101  8:28  Grooved Spines  
  100  8:36  Hydralisk x2  
  104  8:47  Overlord x5  
  104  8:51  Hydralisk x2  
  108  8:58  Infestation Pit  
  108  9:00  Hatchery  
  106  9:20  Spine Crawler x2  
  104  9:30  Drone  
  103  9:31  Drone x11  
  112  9:38  Spore Crawler  
  112  9:39  Spore Crawler  
  110  9:47  Drone x6  
  116  9:54  Zerg Ground Armor Level 2  
  116  10:00  Muscular Augments  
  116  10:06  Zerg Missile Weapons Level 2  
  116  10:09  Drone  
  116  10:11  Drone  
  118  10:16  Extractor  
  118  10:17  Extractor  
  118  10:19  Lurker Den  
  115  10:23  Drone  
  115  10:24  Drone x3  
  115  10:25  Drone  
  115  10:26  Drone  
  121  10:51  Hatchery  
  121  10:53  Drone x12  
  132  11:00  Spine Crawler  
  132  11:03  Spine Crawler  
  130  11:08  Spore Crawler  
  130  11:10  Spore Crawler  
  128  11:11  Hydralisk  
  128  11:12  Hydralisk x2  
  134  11:18  Hive  
  132  11:30  Spore Crawler  
  132  11:31  Spore Crawler  
  105  11:48  Hydralisk x6  
  105  11:49  Hydralisk x3  
  105  11:52  Spore Crawler  
  117  11:55  Spore Crawler  
  117  11:58  Drone  
  117  11:59  Drone  
  112  12:18  Drone x7  
  119  12:27  Spore Crawler  
  119  12:28  Spore Crawler  
  117  12:36  Spore Crawler  
  116  12:39  Overseer  
  116  12:40  Overseer  
  116  12:43  Drone x2  
  118  12:49  Spine Crawler  
  117  13:03  Lurker x7  
  124  13:07  Drone  
  124  13:08  Drone  
  124  13:09  Drone  
  127  13:16  Spine Crawler  
  126  13:24  Drone  
  126  13:25  Drone x14  
  141  13:34  Drone  
  142  13:43  Overlord x4  
  142  13:54  Spine Crawler  
  142  13:55  Spine Crawler  
  140  13:56  Queen  
  140  13:58  Drone  
  143  14:08  Drone x2  
  145  14:12  Adaptive Talons  
  145  14:26  Spore Crawler x2  
  145  14:27  Spine Crawler, Spore Crawler  
  145  14:28  Spine Crawler  
  140  14:37  Drone x2  
  140  14:38  Drone x4  
  146  14:45  Drone  
  146  14:46  Drone x4  
  146  14:47  Drone  
  152  15:03  Spore Crawler  
  152  15:05  Spore Crawler  
  150  15:09  Seismic Spines  
  150  15:11  Spine Crawler  
  148  15:25  Hydralisk x2  
  148  15:28  Overlord x3  
  152  15:29  Overlord x4  
  140  16:03  Hydralisk  
  140  16:04  Hydralisk x4  
  140  16:05  Hydralisk x7  
  164  16:13  Extractor x2  
  162  16:26  Hatchery, Lurker x5  
  162  16:27  Lurker  
  162  16:29  Lurker  
  168  16:34  Spore Crawler  
  168  16:36  Spore Crawler  
  168  16:38  Spore Crawler  
  164  16:53  Spore Crawler x3  
  159  16:58  Overseer  
  159  16:59  Overseer x3  
  156  17:05  Zerg Missile Weapons Level 3  
  156  17:06  Zerg Ground Armor Level 3  
  156  17:14  Drone  
  156  17:15  Drone x10  
  167  17:23  Hydralisk  
  167  17:26  Queen  
  153  17:47  Hydralisk x2  
  153  17:48  Hydralisk x4  
  146  17:56  Roach x4  
  134  18:03  Hydralisk x2  
  106  18:24  Hydralisk  
  106  18:25  Hydralisk x7  
  101  18:43  Drone  
  101  18:44  Drone x8  
  92  18:49  Hydralisk, Spore Crawler x2  
  92  18:50  Hydralisk, Spore Crawler  
  93  18:59  Hydralisk x3  
  95  19:09  Overseer  
  87  19:10  Overseer  
  87  19:11  Hydralisk x3  
  85  19:21  Hydralisk x3  
  81  19:32  Hydralisk  
  81  19:33  Hydralisk x3  
  83  19:40  Hydralisk  
  83  19:41  Hydralisk  
Show
View Real Time Build Order
Export as new Build Order

Massa Terran - Winner!

Build Orders: 2 Factory 

Get SALT Encoding   

  12  0:00  SCV  
  13  0:12  SCV  
  14  0:19  Supply Depot  
  14  0:24  SCV  
  15  0:40  SCV  
  15  0:42  Barracks  
  16  0:46  Refinery  
  16  0:52  SCV  
  17  0:59  Refinery  
  17  1:04  SCV  
  18  1:23  Barracks  
  18  1:33  Supply Depot  
  18  1:35  Supply Depot  
  18  1:36  Marine  
  19  1:50  SCV  
  21  2:03  Orbital Command  
  20  2:17  Factory  
  20  2:19  Marine  
  20  2:22  Marine  
  22  2:30  SCV  
  23  2:45  Barracks Tech Lab  
  23  2:48  SCV  
  23  2:51  Factory  
  24  2:54  Engineering Bay  
  24  3:00  SCV  
  25  3:17  Hellion  
  25  3:18  Infernal Pre-Igniter  
  27  3:23  Marine  
  27  3:26  Barracks Reactor  
  28  3:29  Supply Depot  
  28  3:37  Hellion  
  28  3:39  Hellion  
  28  3:40  SCV  
  33  3:44  Reaper  
  34  4:02  Hellion  
  36  4:09  Hellion x2  
  40  4:19  Supply Depot  
  40  4:23  Hellion  
  42  4:44  Hellion  
  44  4:47  Hellion x2  
  48  5:00  SCV  
  48  5:06  Hellion  
  51  5:08  Hellion x2  
  55  5:15  Command Center  
  49  5:53  Hellion x2  
  49  5:54  Hellion  
  53  6:15  Hellion  
  55  6:20  Command Center  
  55  6:23  Supply Depot  
  55  6:27  Hellion, Siege Tank  
  55  6:31  SCV  
  55  6:32  SCV  
  61  7:08  Hellion x3  
  67  7:11  SCV  
  67  7:13  Armory  
  68  7:15  Orbital Command  
  68  7:23  SCV  
  68  7:29  Hellion  
  61  7:48  Hellion x2  
  61  7:51  Hellion  
  59  8:05  Orbital Command  
  57  8:07  SCV x2  
  57  8:10  Hellion  
  57  8:15  Barracks Tech Lab  
  57  8:18  Smart Servos  
  57  8:19  SCV x2  
  59  8:20  Hellion  
  59  8:21  Hellion  
  59  8:26  Missile Turret  
  63  8:29  Missile Turret  
  63  8:31  SCV x2, Hellion  
  63  8:33  SCV  
  68  8:42  Hellion  
  68  8:43  SCV x2  
  68  8:45  SCV  
  68  8:47  Stimpack  
  73  8:51  Hellion  
  73  8:54  Terran Infantry Weapons Level 1  
  73  8:55  SCV x2  
  77  8:57  SCV  
  78  9:03  Marauder  
  78  9:04  Marine  
  78  9:07  SCV  
  82  9:12  Widow Mine, Siege Tank  
  87  9:21  Marine  
  88  9:25  Marauder  
  86  9:39  Marine  
  87  9:47  SCV x2  
  87  9:48  SCV  
  92  9:53  Marauder  
  92  9:57  Barracks x2  
  92  9:59  SCV, Barracks  
  93  10:09  Supply Depot  
  93  10:10  Supply Depot  
  93  10:11  Supply Depot  
  93  10:12  Supply Depot  
  93  10:13  Barracks  
  93  10:29  Missile Turret  
  93  10:30  SCV x3, Marine  
  93  10:31  Widow Mine x2, Supply Depot  
  93  10:32  Marauder  
  93  10:34  Supply Depot  
  103  10:35  Supply Depot  
  103  10:37  Refinery  
  103  10:38  Supply Depot  
  103  10:39  Refinery  
  103  10:43  SCV x3  
  103  10:44  Terran Vehicle Weapons Level 1  
  103  10:46  Engineering Bay  
  103  10:48  Terran Infantry Armor Level 1, Marine  
  107  10:53  Marauder  
  107  10:54  Widow Mine x3  
  107  10:55  SCV  
  107  10:56  Missile Turret  
  107  10:57  Drilling Claws  
  116  10:59  Barracks Reactor, Barracks Tech Lab  
  116  11:00  Barracks Reactor  
  116  11:02  Barracks Reactor  
  116  11:06  Marine  
  117  11:12  Command Center  
  117  11:14  Marine  
  117  11:15  Widow Mine  
  120  11:23  Refinery  
  120  11:24  Refinery, Marine  
  103  12:09  Widow Mine x3  
  103  12:11  Marauder x2, Marine  
  103  12:12  Marine x6  
  116  12:21  Supply Depot x2  
  116  12:22  Supply Depot  
  116  12:23  Terran Infantry Weapons Level 2  
  116  12:24  Supply Depot  
  116  12:29  Marine x2  
  117  12:30  Marine x4  
  117  12:31  Widow Mine x3  
  117  12:32  Marauder x2  
  132  12:45  Supply Depot  
  132  12:46  Supply Depot  
  132  12:48  Supply Depot x2  
  130  12:53  Combat Shield  
  130  12:54  Marauder  
  130  12:56  Concussive Shells  
  132  13:03  Planetary Fortress  
  132  13:05  Missile Turret  
  132  13:07  SCV x3  
  132  13:08  Missile Turret  
  132  13:09  Missile Turret  
  135  13:19  SCV  
  136  13:25  Siege Tank  
  136  13:26  Widow Mine x2  
  143  13:47  Starport, Terran Infantry Armor Level 2  
  143  13:48  Starport  
  141  13:57  Siege Tank  
  141  13:59  Marine  
  141  14:00  Marauder x2, Marine x4  
  141  14:01  Marine x2  
  155  14:04  SCV x3  
  155  14:05  SCV  
  155  14:08  Terran Vehicle Weapons Level 2  
  159  14:13  Ghost Academy  
  159  14:16  SCV  
  160  14:17  Marine  
  160  14:21  Marauder x2  
  165  14:29  Siege Tank  
  164  15:02  Siege Tank  
  164  15:03  Medivac x2  
  169  15:34  Siege Tank  
  119  15:53  Marauder x2, Marine  
  119  15:55  Widow Mine x2  
  94  16:06  Siege Tank  
  97  16:14  Marauder  
  97  16:15  Marauder, Marine  
  97  16:16  Marine x6  
  97  16:17  Widow Mine x2  
  112  16:22  Refinery  
  112  16:25  Refinery  
  112  16:32  Personal Cloaking  
  112  16:33  Marine x7  
  112  16:35  Starport Tech Lab, Starport Reactor  
  112  16:36  Marauder x2, Terran Infantry Armor Level 3  
  112  16:37  Terran Infantry Weapons Level 3  
  112  16:38  Widow Mine, Siege Tank  
  128  16:51  Marine  
  129  16:57  Marauder x2, Marine x4  
  129  16:58  Marine x2  
  139  17:08  Factory, Marine  
  139  17:09  Factory  
  139  17:10  Siege Tank  
  139  17:11  Command Center  
  139  17:15  Marine x4  
  145  17:18  Marauder  
  145  17:19  Marauder  
  149  17:27  Missile Turret  
  149  17:32  Marine x2  
  151  17:40  Marauder x2  
  127  17:47  Missile Turret  
  106  17:52  Marine  
  106  17:53  Marine x3  
  106  17:54  Widow Mine, Siege Tank  
  106  17:55  Widow Mine  
  91  18:01  Marauder  
  91  18:02  Marauder, Marine x3  
  95  18:08  Factory Tech Lab x2  
  95  18:10  Marine, Medivac x3, Missile Turret  
  95  18:11  Marine x3  
  105  18:16  Widow Mine x2  
  109  18:20  Marine x3  
  109  18:22  Marauder  
  109  18:23  Marauder  
  109  18:26  Siege Tank  
  119  18:28  Marine x2  
  119  18:31  Marine  
  119  18:32  Marine  
  123  18:37  Marine  
  123  18:38  Marine x2  
  123  18:40  Medivac x2  
  130  18:44  Marauder x2  
  130  18:46  Marine x2  
  130  18:49  Marine  
  130  18:50  Marine  
  132  18:55  Marine  
  132  18:56  Marine x2  
  132  18:58  Siege Tank  
  132  19:00  Medivac  
  131  19:03  Marine  
  131  19:04  Marine  
  131  19:05  Marauder  
  131  19:06  Marauder  
  131  19:07  Marine x2  
  133  19:10  Medivac x2  
  133  19:13  Marine  
  133  19:15  Marine  
  133  19:16  Marine  
  133  19:20  Siege Tank x2  
  133  19:21  Widow Mine x2, Marine  
  133  19:22  Marine  
  145  19:25  Marine x2  
  145  19:27  Marauder x2  
  145  19:30  Siege Tank  
  145  19:31  Marine  
  154  19:33  Marine  
  154  19:34  Marine  
  155  19:48  Marauder  
  155  19:49  Marauder  
Show
View Real Time Build Order
Export as new Build Order

qqq Zerg - Winner!

Build Orders: Hatch First 

Get SALT Encoding   

  12  0:00  Drone  
  13  0:08  Drone  
  14  0:24  Overlord  
  14  0:48  Drone  
  15  0:51  Drone  
  15  0:54  Hatchery  
  15  0:56  Drone  
  16  1:03  Drone  
  17  1:14  Drone  
  18  1:22  Spawning Pool  
  18  1:24  Extractor  
  16  1:27  Drone  
  17  1:38  Drone  
  18  1:51  Drone  
  19  1:55  Drone  
  20  2:06  Overlord  
  21  2:08  Drone  
  21  2:09  Queen  
  21  2:11  Queen  
  25  2:15  Zergling x2  
  25  2:19  Drone  
  27  2:27  Zergling x2  
  27  2:33  Drone  
  28  2:49  Lair, Zergling x2  
  28  2:50  Zergling x2  
  30  2:53  Drone  
  30  2:54  Drone  
  32  2:59  Zergling x2  
  34  3:05  Drone  
  34  3:15  Zergling x2  
  34  3:19  Drone, Extractor  
  35  3:21  Drone  
  35  3:23  Overlord  
  35  3:24  Overlord x2  
  36  3:43  Drone x2  
  38  3:48  Spire  
  38  3:49  Drone x4  
  38  3:52  Extractor x2  
  38  3:54  Drone  
  40  3:56  Drone  
  40  3:57  Drone  
  42  4:03  Metabolic Boost  
  42  4:06  Zergling x2  
  43  4:11  Drone x2  
  43  4:13  Drone  
  46  4:24  Infestation Pit  
  46  4:25  Zergling x4  
  47  4:45  Drone x4  
  51  4:47  Drone x3  
  54  5:03  Mutalisk x2  
  54  5:05  Drone  
  59  5:14  Overlord  
  59  5:19  Zerg Flyer Weapons Level 1  
  59  5:24  Drone  
  59  5:25  Overlord x2  
  59  5:26  Hatchery  
  57  5:45  Mutalisk x2  
  57  5:46  Mutalisk x2  
  57  5:47  Mutalisk x2  
  57  5:48  Drone  
  63  5:57  Mutalisk  
  63  6:00  Drone  
  66  6:10  Mutalisk  
  66  6:11  Mutalisk  
  70  6:22  Mutalisk  
  70  6:23  Hatchery  
  71  6:27  Drone  
  71  6:28  Overlord  
  72  6:42  Mutalisk  
  72  6:43  Mutalisk  
  72  6:44  Drone  
  77  6:48  Queen  
  79  7:01  Mutalisk x2  
  81  7:23  Mutalisk x2  
  81  7:45  Mutalisk x3  
  81  7:46  Drone  
  81  7:47  Drone x2  
  76  7:58  Drone  
  77  8:06  Hive  
  77  8:18  Drone  
  77  8:19  Drone  
  80  8:20  Drone x2  
  80  8:21  Queen  
  80  8:25  Extractor  
  80  8:26  Extractor, Spine Crawler  
  80  8:27  Zerg Flyer Armor Level 1  
  80  8:30  Spore Crawler  
  80  8:33  Mutalisk x2  
  83  8:38  Drone x3  
  83  8:40  Corruptor  
  88  8:44  Spore Crawler  
  87  8:51  Mutalisk  
  89  8:56  Drone x3  
  89  8:57  Drone x4  
  89  8:58  Overlord x4  
  89  8:59  Overlord x5  
  88  9:18  Mutalisk x3  
  88  9:23  Drone x4  
  98  9:28  Spore Crawler  
  97  9:33  Drone  
  97  9:34  Extractor  
  97  9:35  Extractor  
  96  9:40  Viper  
  99  9:50  Viper  
  99  9:51  Mutalisk  
  104  9:55  Drone x4  
  108  10:08  Drone x6  
  108  10:10  Mutalisk x2  
  108  10:11  Mutalisk  
  108  10:12  Hatchery  
  119  10:18  Hatchery  
  119  10:20  Drone  
  119  10:24  Hatchery  
  118  10:31  Zerg Flyer Armor Level 2  
  118  10:36  Mutalisk x3  
  118  10:38  Drone x2  
  118  10:40  Spore Crawler  
  125  10:47  Mutalisk  
  125  10:48  Mutalisk  
  125  10:49  Drone  
  130  10:50  Mutalisk  
  130  10:56  Spore Crawler  
  131  11:08  Drone x2  
  133  11:12  Mutalisk x5  
  127  11:49  Mutalisk x3  
  127  11:50  Mutalisk x3  
  127  11:52  Drone  
  127  11:53  Drone x8  
  127  11:54  Drone x2  
  142  12:20  Drone x7  
  147  12:25  Spire  
  142  12:33  Drone x3  
  137  12:37  Spore Crawler  
  137  12:39  Spine Crawler x2  
  137  12:41  Spine Crawler  
  137  12:42  Extractor  
  130  12:44  Extractor  
  130  12:45  Drone, Queen, Spore Crawler  
  130  12:46  Drone  
  130  12:50  Viper x5  
  147  12:52  Drone x6  
  147  12:53  Drone, Mutalisk x3  
  147  12:54  Zergling x8  
  147  12:55  Zergling x10  
  166  13:15  Drone x2  
  166  13:16  Drone x4  
  166  13:18  Spore Crawler  
  170  13:20  Spine Crawler x2  
  168  13:39  Corruptor x4  
  168  13:40  Corruptor  
  178  13:46  Spine Crawler  
  178  13:47  Spine Crawler  
  176  13:51  Drone x2  
  176  13:54  Extractor x2  
  176  13:57  Drone x2  
  178  14:15  Overlord x2  
  178  14:16  Overlord x7  
  178  14:19  Extractor  
  178  14:20  Extractor  
  176  14:37  Greater Spire  
  176  14:40  Zerg Flyer Weapons Level 2  
  176  14:45  Overseer x2  
  176  14:46  Overseer x2  
  176  14:50  Drone x3  
  179  14:53  Drone  
  179  14:55  Drone x2  
  182  15:00  Mutalisk x4  
  139  16:07  Corruptor  
  139  16:08  Mutalisk x3, Corruptor x4  
  139  16:09  Corruptor x4  
  163  16:17  Spine Crawler  
  163  16:18  Spine Crawler  
  161  16:19  Drone x2  
  161  16:20  Drone x4  
  161  16:21  Spine Crawler  
  170  16:25  Brood Lord x2  
  170  16:26  Brood Lord x4  
  170  16:27  Mutalisk x3  
  170  16:28  Corruptor x4  
  170  16:31  Mutalisk x3, Corruptor  
  200  16:56  Zerg Flyer Armor Level 3  
  172  17:20  Viper x5  
  172  17:21  Viper x2  
  181  17:59  Brood Lord x2, Viper  
  181  18:00  Mutalisk x2, Brood Lord, Viper  
  181  18:01  Mutalisk  
  177  18:20  Mutalisk x6  
  177  18:21  Mutalisk x2  
  177  18:22  Mutalisk  
  189  18:27  Mutalisk  
  191  18:36  Corruptor x2  
  177  19:03  Brood Lord x2  
  177  19:06  Corruptor  
  173  19:12  Zergling x12  
  173  19:13  Zergling x2  
  163  19:40  Mutalisk x4, Corruptor  
Tags
 
Add a new tag
Caveats
  • Supply blocks, unpowered buildings, or Contaminate may cause inaccurate times.
  • Supply counts are checked every 10 seconds.